 Dungeon Crawl Stone Soup version 0.31.0-11-ge490571c62 (webtiles) character file.

Game seed: 7538978985799225267

2465 qw the Skirmisher (level 9, -1/52 HPs)
             Began as a Deep Elf Hunter on Feb 4, 2024.
             Slain by a vampire mosquito (8 damage)
             ... on level 8 of the Dungeon.
             The game lasted 00:00:35 (5661 turns).

qw the Skirmisher (Deep Elf Hunter)                 Turns: 5661, Time: 00:00:36

Health: -1/52      AC: 16    Str: 13    XL:     9   Next: 26%
Magic:  11/11      EV: 11    Int: 15    God:
Gold:   161        SH:  0    Dex: 20    Spells: 8/8 levels left

rFire   + . .        a - +1 shortbow (freeze)
rCold   . . .        (shield currently unavailable)
rNeg    . . .        s - +3 scale mail of Poor Excuses {Str+3}
rPois   .            o - +0 helmet
rElec   .            b - -2 cloak of Impatience {^Drain rF+ Will++}
rCorr   .            n - +0 pair of gloves
SInv    .            h - +0 pair of boots
Will    +++..        (no amulet)
Stlth   +            e - ring of willpower
HPRegen 0.28/turn    q - +4 ring of protection
MPRegen 0.12/turn

%: no passive effects
@: no status effects
A: no striking features
a: no special abilities


You were on level 8 of the Dungeon.
You visited 2 branches of the dungeon, and saw 9 of its levels.

You collected 391 gold pieces.
You spent 230 gold pieces at shops.


   Skills:
 - Level 4.0 Fighting
 - Level 14.2 Ranged Weapons
 + Level 2.7 Armour
 - Level 5.2 Dodging
 - Level 1.2 Stealth


You had 8 spell levels left.
You didn't know any spells.
Your spell library was empty.

Inventory:

Hand Weapons
 a - a +1 shortbow of freezing (weapon)
Armour
 b - the -2 cloak of Impatience (worn) {^Drain rF+ Will++}
   (You acquired it on level 3 of the Dungeon)

   rF+:       It protects you from fire.
   Will++:    It greatly increases your willpower.
   ^Drain:    It drains your maximum health when unequipped.
 f - a +0 cloak
 h - a +0 pair of boots (worn)
 n - a +0 pair of gloves (worn)
 o - a +0 helmet (worn)
 s - the +3 scale mail of Poor Excuses (worn) {Str+3}
   (You found it on level 3 of the Dungeon)

   Str+3:     It affects your strength (+3).
Jewellery
 e - a ring of willpower (left hand)
 i - a ring of ice
 q - a +4 ring of protection (right hand)
Wands
 j - a wand of polymorph (9)
Potions
 g - a potion of curing
 m - 3 potions of resistance
 r - a potion of attraction {unknown}
 t - a potion of might

Dungeon Overview and Level Annotations

Branches:
Dungeon (8/15)             Temple (1/1) D:6
   Lair: D:8-11

Altars:
Ashenzari
Elyvilon
Fedhas
Gozag
Hepliaklqana
Kikubaaqudgha
Nemelex Xobeh
Qazlal
Ru
Sif Muna
Trog
Uskayaw
Vehumet
Wu Jian
Xom
Yredelemnul
Zin
The Shining One
Lugonu

Shops:
D:5 ?

Annotations:
D:4 1 runed translucent door, Crazy Yiuf
D:6 exclusion: electric eel
D:8 Maurice


Message History

A bolt of dispelling energy appears from out of thin air!
The bolt of dispelling energy hits you!
You shoot an arrow. The arrow hits the vampire mosquito.
The arrow freezes the vampire mosquito.
The vampire mosquito is heavily damaged.
The vampire mosquito bites you but does no damage. x2
You shoot an arrow.
The arrow closely misses the vampire mosquito.
The vampire mosquito bites you but does no damage. x2
You hear a zap.
A bolt of dispelling energy appears from out of thin air!
The bolt of dispelling energy hits you!!
5657 ||| DRINKING potion of heal wounds.
You feel much better.
The vampire mosquito barely misses you. x2
You shoot an arrow.
The arrow hits the vampire mosquito but does no damage.
The vampire mosquito is heavily damaged.
The vampire mosquito bites you but does no damage.
You shoot an arrow. The arrow hits the vampire mosquito.
The arrow freezes the vampire mosquito.
The vampire mosquito is severely damaged.
The vampire mosquito bites you but does no damage.
The vampire mosquito bites you!
The vampire mosquito draws strength from your injuries!
You shoot an arrow. The arrow misses the vampire mosquito.
The vampire mosquito closely misses you.
You hear a zap.
A bolt of dispelling energy appears from out of thin air!
The bolt of dispelling energy hits you! The vampire mosquito bites you.
The vampire mosquito draws strength from your injuries!
You shoot an arrow. The arrow hits the vampire mosquito.
The arrow freezes the vampire mosquito.
The vampire mosquito is severely damaged.
The vampire mosquito bites you.
The vampire mosquito draws strength from your injuries!
You hear a zap.
A bolt of dispelling energy appears from out of thin air!
The bolt of dispelling energy hits you. The vampire mosquito bites you!
You die...

####
#.@#
#.{y#
#....#
#....##
.....#
......
...#..
####..


You could see a vampire mosquito.

Vanquished Creatures
  A troll (D:5)
  Sigmund (D:6)
  A wyvern (D:7)
  A vampire mosquito (D:7)
  Edmund (D:4)
  An ice beast (D:6)
  A sky beast (D:7)
  2 orc warriors
  A kobold brigand (D:7)
  2 phantoms
  A bullfrog (D:4)
  A scorpion (D:5)
  A howler monkey (D:5)
  2 electric eels (D:6)
  A bombardier beetle (D:6)
  5 hounds
  3 jellies
  A gnoll bouda (D:5)
  3 orc priests
  2 orc wizards (D:6)
  6 iguanas
  7 gnolls (D:5)
  10 adders
  2 white imps (D:6)
  14 orcs
  5 ball pythons
  4 endoplasms
  6 giant cockroaches
  12 goblins
  9 hobgoblins
  15 kobolds
  5 quokkas
  6 bats
  4 frilled lizards
  6 rats
143 creatures vanquished.

Notes
Turn   | Place    | Note
-------+----------+-------------------------------------------
     0 | D:1      | qw the Deep Elf Hunter began the quest for the Orb.
     0 | D:1      | Reached XP level 1. HP: 12/12 MP: 3/3
     0 | D:1      | 0 ||| qw: Version: 0.3-a-160-g6735b56
     0 | D:1      | 0 ||| qw: Game counter: 4621
     0 | D:1      | 0 ||| qw: Melee chars always use a shield: true
     0 | D:1      | 0 ||| qw: God list: Okawaru
     0 | D:1      | 0 ||| qw: Allow faded altars: false
     0 | D:1      | 0 ||| qw: Do Orc after clearing Dungeon:15 true
     0 | D:1      | 0 ||| qw: Do second Lair branch before Depths: true
     0 | D:1      | 0 ||| qw: Lair rune preference: random
     0 | D:1      | 0 ||| qw: Goals: Normal
     0 | D:1      | 0 ||| PLANNING D:1-11
    57 | D:1      | Reached XP level 2. HP: 12/16 MP: 4/4
    59 | D:1      | Reached skill level 6 in Ranged Weapons
   253 | D:1      | Reached XP level 3. HP: 20/20 MP: 5/5
   374 | D:1      | 374 ||| UPGRADING to +0 cloak.
   379 | D:1      | 379 ||| UPGRADING to ring of willpower.
   380 | D:1      | 380 ||| READING scroll labelled ICLAIZICOQ.
   380 | D:1      | 380 ||| IDENTIFYING 2 grey potions
   381 | D:1      | 381 ||| DROPPING scroll of butterflies.
   482 | D:2      | 482 ||| FLEEEEING.
   483 | D:2      | 483 ||| FLEEEEING.
   490 | D:2      | 490 ||| FLEEEEING.
   553 | D:2      | Reached skill level 7 in Ranged Weapons
   774 | D:2      | 774 ||| UPGRADING to +0 pair of boots.
   779 | D:2      | 779 ||| UPGRADING to +0 scale mail.
   789 | D:2      | 789 ||| DROPPING +0 leather armour.
   790 | D:2      | 790 ||| UPGRADING to +0 pair of gloves.
   795 | D:2      | 795 ||| READING 2 scrolls of identify.
   795 | D:2      | 795 ||| IDENTIFYING ruby potion
   796 | D:2      | 796 ||| READING scroll of identify.
   796 | D:2      | 796 ||| IDENTIFYING blue potion
   797 | D:2      | 797 ||| READING scroll labelled REOMOAF LAOGEG.
   798 | D:2      | 798 ||| DROPPING potion of ambrosia.
   919 | D:3      | Found a faded altar of an unknown god.
  1194 | D:3      | Reached skill level 1 in Armour
  1194 | D:3      | Reached XP level 4. HP: 24/25 MP: 6/6
  1201 | D:3      | Identified the +3 scale mail of Poor Excuses {Str+3}
  1527 | D:3      | Found an ornate altar of the Wu Jian Council.
  1536 | D:3      | 1536 ||| UPGRADING to +3 scale mail of Poor Excuses
                  | {Str+3}.
  1546 | D:3      | 1546 ||| DROPPING +0 scale mail.
  1547 | D:3      | 1547 ||| UPGRADING to +4 ring of protection.
  1548 | D:3      | 1548 ||| READING scroll of identify.
  1548 | D:3      | 1548 ||| IDENTIFYING coppery potion
  1549 | D:3      | 1549 ||| READING scroll labelled OZOMEO JIOTWU.
  1550 | D:3      | 1550 ||| READING scroll labelled VIC BA EFOY.
  1651 | D:3      | 1651 ||| READING scroll labelled SITTANGI KUCU.
  1651 | D:3      | Identified a scroll of acquirement
  1651 | D:3      | 1651 ||| ACQUIRING -2 cloak of Impatience {^Drain rF+
                  | Will++}
  1651 | D:3      | Acquired the -2 cloak of Impatience {^Drain rF+ Will++}
  1653 | D:3      | 1653 ||| UPGRADING to -2 cloak of Impatience {^Drain rF+
                  | Will++}.
  1663 | D:3      | 1663 ||| READING scroll labelled SOVUUN MOS.
  1665 | D:3      | 1665 ||| Stepping ~*~*~tactically~*~*~ (cloud).
  1806 | D:4      | 1806 ||| STAIRDANCE
  1834 | D:4      | 1834 ||| STAIRDANCE
  1859 | D:4      | Reached skill level 8 in Ranged Weapons
  1870 | D:4      | Noticed a bullfrog
  1878 | D:4      | Killed a bullfrog
  1879 | D:4      | Reached XP level 5. HP: 29/29 MP: 7/7
  1911 | D:4      | Found a sacrificial altar of Ru.
  1911 | D:4      | Found a basalt altar of Yredelemnul.
  1912 | D:4      | Found a white marble altar of Elyvilon.
  1974 | D:4      | Reached skill level 9 in Ranged Weapons
  2007 | D:4      | Noticed Edmund
  2008 | D:4      | 2008 ||| ZAPPING wand of mindburst (10) at 1,6 (Edmund;
                  | floor).
  2009 | D:4      | 2009 ||| ZAPPING wand of mindburst (9) at 1,5 (Edmund;
                  | floor).
  2010 | D:4      | 2010 ||| ZAPPING wand of mindburst (8) at 0,4 (Edmund;
                  | floor).
  2011 | D:4      | 2011 ||| ZAPPING wand of mindburst (7) at 0,3 (Edmund;
                  | floor).
  2011 | D:4      | Killed Edmund
  2012 | D:4      | Reached XP level 6. HP: 36/36 MP: 8/8
  2049 | D:4      | Found a glowing silver altar of Zin.
  2308 | D:4      | Found a runed translucent door.
  2309 | D:4      | Noticed Crazy Yiuf
  2312 | D:4      | 2312 ||| DRINKING 2 fuming black potions.
  2351 | D:5      | Entered Level 5 of the Dungeon
  2353 | D:5      | Noticed a troll
  2354 | D:5      | 2354 ||| ZAPPING wand of mindburst (6) at 6,-1 (troll;
                  | floor).
  2360 | D:5      | 2360 ||| ZAPPING wand of mindburst (5) at 1,-1 (troll;
                  | floor).
  2361 | D:5      | 2361 ||| ZAPPING wand of mindburst (4) at 1,-1 (troll;
                  | floor).
  2362 | D:5      | 2362 ||| ZAPPING wand of mindburst (3) at 1,-1 (troll;
                  | floor).
  2362 | D:5      | Killed a troll
  2363 | D:5      | Reached skill level 10 in Ranged Weapons
  2363 | D:5      | Reached XP level 7. HP: 34/40 MP: 9/9
  2436 | D:5      | Reached skill level 3 in Dodging
  2582 | D:5      | Found a hazy altar of Hepliaklqana.
  2600 | D:5      | Reached skill level 11 in Ranged Weapons
  2666 | D:5      | Found Haffol's Magic Scroll Shop.
  2671 | D:5      | 2671 ||| BUYING scroll of brand weapon (95 gold).
  2671 | D:5      | Bought a scroll of brand weapon for 95 gold pieces
  2671 | D:5      | 2671 ||| BUYING scroll of brand weapon (95 gold).
  2671 | D:5      | Bought a scroll of brand weapon for 95 gold pieces
  2671 | D:5      | 2671 ||| SHOPLISTING scroll of enchant weapon (75 gold,
                  | have 43).
  2671 | D:5      | 2671 ||| BUYING scroll of identify (20 gold).
  2671 | D:5      | Bought a scroll of identify for 20 gold pieces
  2671 | D:5      | 2671 ||| BUYING scroll of identify (20 gold).
  2671 | D:5      | Bought a scroll of identify for 20 gold pieces
  2671 | D:5      | 2671 ||| SHOPLISTING scroll of identify (20 gold, have 3).
  2671 | D:5      | 2671 ||| READING 2 scrolls of brand weapon.
  2671 | D:5      | 2671 ||| BRANDING +0 shortbow.
  2672 | D:5      | 2672 ||| READING scroll of brand weapon.
  2672 | D:5      | 2672 ||| BRANDING +0 shortbow of flaming.
  3274 | D:5      | 3274 ||| UPGRADING to +0 helmet.
  3279 | D:5      | 3279 ||| DROPPING ring of flight.
  3280 | D:5      | 3280 ||| READING 2 scrolls of identify.
  3280 | D:5      | 3280 ||| IDENTIFYING glowing purple potion
  3281 | D:5      | 3281 ||| READING scroll of identify.
  3281 | D:5      | 3281 ||| IDENTIFYING 2 green potions
  3282 | D:5      | 3282 ||| READING 2 scrolls labelled BISOKH BUOGESM.
  3285 | D:5      | 3285 ||| DROPPING 2 potions of lignification.
  3286 | D:5      | 3286 ||| DROPPING potion of degeneration.
  3359 | D:6      | Reached skill level 12 in Ranged Weapons
  3359 | D:6      | Reached XP level 8. HP: 45/45 MP: 10/10
  3387 | D:6      | Found a staircase to the Ecumenical Temple.
  3388 | D:6      | 3388 ||| PLANNING TEMPLE
  3396 | Temple   | Entered the Ecumenical Temple
  3397 | Temple   | 3397 ||| PLANNING D:1-11
  3457 | D:6      | 3457 ||| FLEEEEING.
  3458 | D:6      | 3458 ||| FLEEEEING.
  3459 | D:6      | 3459 ||| FLEEEEING.
  3460 | D:6      | 3460 ||| FLEEEEING.
  3463 | D:6      | 3463 ||| FLEEEEING.
  3464 | D:6      | 3464 ||| FLEEEEING.
  3510 | D:6      | 3510 ||| FLEEEEING.
  3520 | D:6      | HP: 5/45 [electric eel/bolt of electricity (14)]
  3521 | D:6      | 3521 ||| READING 2 scrolls of teleportation.
  3522 | D:6      | 3522 ||| DRINKING 3 potions of heal wounds.
  3589 | D:6      | Reached skill level 3 in Fighting
  3661 | D:6      | 3661 ||| FLEEEEING.
  3662 | D:6      | 3662 ||| FLEEEEING.
  3664 | D:6      | 3664 ||| FLEEEEING.
  3665 | D:6      | 3665 ||| FLEEEEING.
  3666 | D:6      | 3666 ||| FLEEEEING.
  3667 | D:6      | 3667 ||| FLEEEEING.
  3669 | D:6      | 3669 ||| FLEEEEING.
  3680 | D:6      | HP: 11/46 [orc/+0 club (3)]
  3681 | D:6      | 3681 ||| READING scroll of teleportation.
  3682 | D:6      | 3682 ||| DRINKING 2 potions of heal wounds.
  3684 | D:6      | Found a shimmering blue altar of Sif Muna.
  3788 | D:6      | Reached skill level 13 in Ranged Weapons
  4023 | D:6      | Noticed Sigmund
  4024 | D:6      | 4024 ||| ZAPPING wand of mindburst (2) at 0,-7 (Sigmund;
                  | floor).
  4025 | D:6      | 4025 ||| ZAPPING wand of mindburst (1) at 0,-6 (Sigmund;
                  | floor).
  4026 | D:6      | Killed Sigmund
  4144 | D:6      | Found a bloodstained altar of Trog.
  4529 | D:6      | Found a blossoming altar of Fedhas.
  4617 | D:6      | 4617 ||| READING scroll labelled FEESOA VEDGHIXT.
  4617 | D:6      | 4617 ||| ENCHANTING +0 shortbow of freezing.
  4618 | D:6      | 4618 ||| READING scroll labelled KURPHARGH ELEG.
  4619 | D:6      | 4619 ||| READING scroll labelled CIVIF WICITT.
  4620 | D:6      | 4620 ||| READING scroll labelled MIVUMA XIDOUG.
  4731 | D:7      | Reached skill level 14 in Ranged Weapons
  4855 | D:7      | Reached XP level 9. HP: 50/51 MP: 11/11
  5146 | D:7      | HP: 12/51 [poisoned by a kobold brigand (curare-tipped
                  | dart)]
  5147 | D:7      | 5147 ||| DRINKING 2 potions of heal wounds.
  5367 | D:7      | Found a broken altar of Ashenzari.
  5606 | D:7      | 5606 ||| READING scroll of identify.
  5606 | D:7      | 5606 ||| IDENTIFYING puce potion
  5607 | D:7      | 5607 ||| DROPPING potion of brilliance.
  5617 | D:8      | Noticed Maurice
  5621 | D:8      | 5621 ||| STAIRDANCE
  5656 | D:8      | HP: 12/52 [something/bolt of dispelling energy (25)]
  5657 | D:8      | 5657 ||| DRINKING potion of heal wounds.
  5661 | D:8      | HP: 11/52 [vampire mosquito (6)]
  5661 | D:8      | Slain by a vampire mosquito

Levels and vault maps discovered:
D:1:      grunt_arrival_lava_bath, layout_rooms
D:2:      layout_rooms, minmay_circle_x
D:3:      minmay_inner_zag, layout_basic, nicolae_wu_jian_immortal_techniques,
          dreamdust_ecumenical_altar_statues, chequers_serial_rivers_room_b
D:4:      layout_rooms, nicolae_overflow_crystal_walls,
          gammafunk_temple_overflow_claw, uniq_edmund, uniq_crazy_yiuf_cottage
D:5:      layout_loops_cross, overflow_temple_1_default, serial_shops, shop,
          minmay_misc_feat_rugged
D:6:      layout_cave_pools, nzn_overflow_gifts_of_might_and_magic,
          mainiacjoe_overflow_alcove_4, minmay_temple_entry_waves, serial_bayou,
          serial_bayou_pond_d, serial_bayou_pond_c, serial_bayou_ford_a,
          serial_bayou_shore_a, minmay_misc_feat_nine_boxes, uniq_sigmund
D:7:      nicolae_cairo_tiling_large, layout_basic,
          mainiacjoe_overflow_six_doors_small
D:8:      layout_cave_pods, okawaru_metal_pillars_3, enter_bailey_3,
          grunt_ministairs_2, uniq_amaemon, uniq_maurice
Temple:   corrupted_temple

Skill      XL: |  1  2  3  4  5  6  7  8  9 |
---------------+----------------------------+-----
Ranged Weapons | 6 7 8 9 10 12 14 | 14.2
Armour         | 1 2 |  2.7
Fighting       | 2 3 4 |  4.0
Dodging        | 3 4 5 |  5.2
Stealth        | |  1.2

Action                     |  1- 3 |  4- 6 |  7- 9 || total
---------------------------+-------+-------+-------++-------
   Fire: Shortbow          |   116 |    75 |   326 ||   517
  Evoke: Wand              |       |     8 |     2 ||    10
    Use: Scroll            |     4 |     5 |    12 ||    21
         Potion            |       |     1 |     4 ||     5
 Armour: Leather armour    |     8 |       |       ||     8
         Scale mail        |    16 |    28 |   142 ||   186
  Dodge: Dodged            |    13 |    29 |    82 ||   124

Table legend:
 A = Non-vault XP
 B = Vault XP
 C = Vault XP percentage of total XP
 D = Non-vault monster count
 E = Vault monster count
 F = Vault count percentage of total count
                 A         B        C        D         E       F
            +---------+---------+-------+---------+---------+-------
      Total |    2952 |     570 |  16.2 |     134 |       9 |   6.3
            +---------+---------+-------+---------+---------+-------
        D:1 |      42 |       0 |   0.0 |      25 |       0 |   0.0
        D:2 |      38 |       1 |   2.6 |      16 |       1 |   5.9
        D:3 |      79 |       4 |   4.8 |      12 |       4 |  25.0
        D:4 |     180 |     166 |  48.0 |      17 |       1 |   5.6
        D:5 |     860 |       0 |   0.0 |      18 |       0 |   0.0
        D:6 |     796 |     399 |  33.4 |      27 |       3 |  10.0
        D:7 |     957 |       0 |   0.0 |      19 |       0 |   0.0
            +---------+---------+-------+---------+---------+-------
